 Dungeon Crawl Stone Soup version 0.23.2-33-g5129a83184 (webtiles) character file.

Game seed: 13353313368943589807

20396 Brecoman the Basher (level 12, 0/81 HPs)
             Began as a Gargoyle Monk on July 3, 2019.
             Was a High Priest of Wu Jian.
             Slain by a spiny frog (12 damage)
             ... on level 10 of the Dungeon on July 16, 2019.
             The game lasted 01:08:41 (21322 turns).

Brecoman the Basher (Gargoyle Monk)                Turns: 21322, Time: 01:08:41

Health: 0/81       AC: 28    Str: 22    XL:     12   Next: 79%
Magic:  12/12      EV:  9    Int: 11    God:    Wu Jian [*****.]
Gold:   928        SH:  0    Dex: 12    Spells: 9/11 levels left

rFire    . . .     SeeInvis .   K - +0 morningstar
rCold    . . .     Gourm    .   (no shield)
rNeg     + + .     Faith    .   I - +2 chain mail {rN+}
rPois    ∞         Spirit   .   (no helmet)
rElec    +         Reflect  .   v - +0 cloak
rCorr    .         Harm     .   i - +0 pair of gloves
MR       .....                  k - +1 pair of boots
Stlth    +.........             (no amulet)
HPRegen  0.23/turn              N - ring of stealth
MPRegen  0.13/turn              z - ring "Qoecko" {rPois Str+2}

@: no status effects
A: negative energy resistance 1, electricity resistance, unbreathing,
petrification resistance, rot immunity, AC +8
a: Wall Jump, Serpent's Lash, Heavenly Storm, Renounce Religion


You were on level 10 of the Dungeon.
You worshipped Wu Jian.
Wu Jian was extremely pleased with you.
You were hungry.

You visited 2 branches of the dungeon, and saw 13 of its levels.
You also visited: Sewer and Ossuary.

You collected 928 gold pieces.

Inventory:

Hand Weapons
 E - a +2 whip of freezing
 K - a +0 morningstar (weapon)
Missiles
 d - 556 stones (quivered)
 s - 9 throwing nets
Armour
 i - a +0 pair of gloves (worn)
 k - a +1 pair of boots (worn)
 v - a +0 cloak (worn)
 I - a +2 chain mail of positive energy (worn)
 L - a +2 ring mail of positive energy
Jewellery
 z - the ring "Qoecko" (right hand) {rPois Str+2}
   (You found it in an ossuary)

   [ring of strength]

   It affects your strength (+2).
   It protects you from poison.
 A - an uncursed ring of resist corrosion
 N - a ring of stealth (left hand)
 O - a cursed amulet of inaccuracy
 Q - an uncursed ring of protection from cold
 R - an uncursed amulet of harm
Wands
 y - a wand of random effects (38)
 D - a wand of paralysis (1)
 G - a wand of iceblast (15)
Scrolls
 a - 3 scrolls of identify
 f - a scroll of blinking
 j - 5 scrolls of fear
 m - 4 scrolls of teleportation
 q - a scroll of amnesia
 r - 2 scrolls of magic mapping
 u - a scroll of immolation
 x - 3 scrolls of remove curse
 B - 3 scrolls of silence
 C - 2 scrolls of enchant armour {unknown}
Potions
 b - 2 potions of brilliance {unknown}
 e - 4 potions of flight
 g - 6 potions of curing
 h - 2 potions of degeneration
 l - a potion of mutation
 n - 5 potions of lignification
 o - 2 potions of cancellation
 p - a potion of agility
 t - a potion of resistance
 w - 4 potions of might
 F - 2 potions of heal wounds
 H - a potion of berserk rage
 J - 2 potions of haste
Comestibles
 c - 16 rations


   Skills:
 + Level 11.9 Fighting
 * Level 12.6 Maces & Flails
 + Level 11.3 Armour
 - Level 2.4 Dodging
 - Level 5.0 Stealth
 - Level 6.0 Summonings


You had 9 spell levels left.
You knew the following spells:

 Your Spells              Type           Power        Failure   Level  Hunger
a - Call Imp              Summ           ##......     26%         2    ###....

Your spell library contained the following spells:

 Spells                   Type           Power        Failure   Level  Hunger
 Summon Small Mammal      Summ           ##..         17%         1    ##.....
 Call Canine Familiar     Summ           ##......     45%         3    ####...
 Summon Guardian Golem    Hex/Summ       #.......     87%         3    ####...
 Animate Skeleton         Necr           N/A          90%         1    ##.....
 Magic Dart               Conj           #...         90%         1    ##.....
 Pain                     Necr           #...         90%         1    ##.....
 Blink                    Tloc           N/A          97%         2    ###....
 Slow                     Hex            #.......     97%         2    ###....
 Conjure Flame            Conj/Fire      #.......     99%         3    ####...
 Mephitic Cloud           Conj/Pois/Air  #.......     99%         3    ####...
 Regeneration             Chrm/Necr      #.........   99%         3    ####...
 Vampiric Draining        Necr           #.........   99%         3    ####...
 Summon Ice Beast         Ice/Summ       #.......     99%         4    #####..
 Summon Lightning Spire   Summ/Air       #.......     99%         4    #####..
 Animate Dead             Necr           N/A          100%        4    #####..


Dungeon Overview and Level Annotations

Branches:
Dungeon (12/15)            Temple (0/1) D:4            Lair (1/6) D:11
    Orc (0/2) D:9

Altars:
Elyvilon
Gozag
Kikubaaqudgha
Makhleb
Nemelex Xobeh
Okawaru
Sif Muna
Trog
Wu Jian
Yredelemnul
Zin
The Shining One
Beogh

Shops:
D:9 [   D:10 !

Annotations:
D:6 3 runed translucent doors, H0rd4k's ghost, amateur DEWz


Innate Abilities, Weirdness & Mutations

You are resistant to torment.
Your stone body is resilient. (AC +8)
You are immune to poison.
You resist negative energy. (rN+)
You are resistant to electric shocks. (rElec)
You can survive without breathing.
You are immune to petrification.
You are immune to rotting.


Message History

The bullfrog barely misses you.
The spiny frog stings you but does no damage.
There is a stone staircase leading up here.
The spiny frog closely misses you.
You climb upwards.
There is a stone staircase leading down here.
Things that are here:
a +0 chain mail; a +0 robe; a +0 mace You hit the spiny frog but do no damage.
The spiny frog is heavily wounded.
The spiny frog stings you.
* * * LOW HITPOINT WARNING * * *
You closely miss the spiny frog.
The spiny frog is heavily wounded.
The spiny frog stings you!
* * * LOW HITPOINT WARNING * * *
You spin and attack the spiny frog.
You hit the spiny frog.
The spiny frog is heavily wounded.
The spiny frog stings you!
You die...

.......#......[.........#........
.......##.#####........###..#####
............##.............#####.
....##.......#........########...
.....................########....
...................8.#......#...)
.....................#≈≈≈≈≈≈....#
≈≈≈..............F..........(...#
..≈≈............@>........÷.....#
...≈≈................#≈≈≈≈≈≈..(.#
....≈..............8.#......#..(.
....≈.#..............########....
#...≈..##.........)...########...
##..≈.............(...[....#####.
.##.≈............[..........#####
.##.≈............(...............
##..≈.....#....................##


You could see a spiny frog (pinned).

Vanquished Creatures
  Erolcha (D:9)
  A hydra (D:9)
  Erica (D:10)
  2 two-headed ogres
  3 death yaks
  5 skeletal warriors (D:11)
  Pikel (D:5)
  A manticore (D:12)
  Joseph (D:7)
  A spiny frog (Lair:1)
  3 trolls
  A queen bee (D:8)
  A hornet (D:9)
  5 hippogriffs
  A slime creature (D:11)
  A wyvern (D:9)
  8 yaks
  Grum (D:9)
  A hungry ghost (D:12)
  3 porcupines
  3 water moccasins
  Duvessa (D:6)
  2 orc warriors
  A black bear (D:5)
  A sky beast (D:5)
  A phantom (D:11)
  3 slaves (D:5)
  3 ice beasts
  10 centaurs
  5 crocodiles
  4 wolves
  7 bullfrogs
  An elf zombie (Ossuary)
  4 gnoll sergeants (D:10)
  Dowan (D:6)
  2 wyvern zombies
  A wyvern skeleton (D:12)
  2 scorpions
  15 killer bees (D:8)
  3 wights (D:11)
  3 electric eels
  5 howler monkeys
  3 crimson imps
  A centaur zombie (D:5)
  3 human zombies (Ossuary)
  2 quasits
  3 bullfrog zombies
  7 hounds
  6 jellies
  2 gnoll shamans (D:10)
  6 orc priests
  8 orc wizards
  A bullfrog skeleton (D:11)
  Natasha (thrice) (D:3)
  4 iguanas
  7 worker ants
  A hell rat (D:11)
  4 mummies (Ossuary)
  A howler monkey zombie (D:6)
  9 adders
  29 gnolls
  A howler monkey skeleton (D:11)
  4 shadow imps
  An adder zombie (Ossuary)
  An adder skeleton (D:6)
  4 worms
  9 dart slugs
  5 leopard geckos
  33 orcs
  16 bats
  8 giant cockroaches
  A gnoll zombie (Ossuary)
  9 goblins
  10 hobgoblins
  20 jackals
  7 quokkas
  4 ball pythons
  4 frilled lizards
  5 goblin zombies
  A hobgoblin zombie (Ossuary)
  A jackal zombie (Ossuary)
  6 kobolds
  A quokka zombie (D:5)
  8 rats
  A rat zombie (Ossuary)
380 creatures vanquished.

Vanquished Creatures (collateral kills)
  A troll (D:9)
1 creature vanquished.

Vanquished Creatures (others)
  A gnoll (D:10)
  2 orcs
3 creatures vanquished.

Grand Total: 384 creatures vanquished

Notes
Turn   | Place    | Note
-------+----------+-------------------------------------------
     0 | D:1      | Brecoman the Gargoyle Monk began the quest for the Orb.
     0 | D:1      | Reached XP level 1. HP: 14/14 MP: 1/1
   162 | D:1      | Reached XP level 2. HP: 11/19 MP: 2/2
   625 | D:1      | Reached skill level 1 in Armour
   974 | D:1      | Reached XP level 3. HP: 21/23 MP: 3/3
  1168 | D:2      | Reached XP level 4. HP: 20/29 MP: 4/4
  2081 | D:2      | Found an opulent altar of Gozag.
  2174 | D:2      | Reached XP level 5. HP: 31/33 MP: 5/5
  2679 | D:3      | Noticed an ice beast
  3353 | D:3      | Reached skill level 4 in Maces & Flails
  3531 | D:3      | Found an ancient bone altar of Kikubaaqudgha.
  3558 | D:3      | Noticed Natasha
  3576 | D:3      | Killed Natasha
  3929 | D:3      | Noticed Natasha
  3944 | D:3      | Killed Natasha
  4003 | D:3      | Noticed Natasha
  4013 | D:3      | Killed Natasha
  4013 | D:3      | Reached XP level 6. HP: 16/39 MP: 6/6
  4400 | D:4      | Found an ornate altar of the Wu Jian Council.
  4410 | D:4      | Became a worshipper of the Wu Jian Council
  4410 | D:4      | Reached * piety under Wu Jian
  4410 | D:4      | Reached ** piety under Wu Jian
  4451 | D:4      | Noticed an orc warrior
  5932 | D:4      | Reached skill level 5 in Fighting
  5959 | D:4      | Reached XP level 7. HP: 42/44 MP: 7/7
  5971 | D:4      | Found a staircase to the Ecumenical Temple.
  6491 | D:5      | Entered Level 5 of the Dungeon
  6699 | D:5      | Reached skill level 5 in Stealth
  6705 | D:5      | Found a glowing drain.
  6714 | Sewer    | Entered a sewer
  7184 | D:5      | Reached skill level 5 in Maces & Flails
  7675 | D:5      | Reached XP level 8. HP: 44/51 MP: 8/8
  8092 | D:5      | Found an iron altar of Okawaru.
  8128 | D:5      | Found a deep blue altar of Sif Muna.
  8233 | D:6      | Noticed Pikel
  8389 | D:6      | Found a bloodstained altar of Trog.
  8438 | D:6      | Reached skill level 6 in Maces & Flails
  8490 | D:6      | Noticed Duvessa
  8490 | D:6      | Noticed Dowan
  8494 | D:6      | Found a sand-covered staircase.
  8501 | Ossuary  | Entered an ossuary
  8530 | Ossuary  | Reached *** piety under Wu Jian
  8551 | Ossuary  | Reached skill level 5 in Armour
  8928 | Ossuary  | Got a twitching jade ring
  9142 | D:5      | Identified the ring "Qoecko" {rPois Str+2} (You found it in
                  | an ossuary)
  9340 | D:5      | Paralysed by Pikel for 2 turns
  9346 | D:5      | Paralysed by Pikel for 2 turns
  9351 | D:5      | Paralysed by Pikel for 6 turns
  9362 | D:5      | Paralysed by Pikel for 3 turns
  9379 | D:5      | Paralysed by Pikel for 7 turns
  9391 | D:5      | Killed Pikel
  9391 | D:5      | Reached skill level 7 in Maces & Flails
  9391 | D:5      | Reached XP level 9. HP: 51/57 MP: 9/9
  9504 | D:6      | Found a runed translucent gate.
  9504 | D:6      | Found a runed translucent gate.
  9504 | D:6      | Found a runed translucent gate.
  9509 | D:6      | Noticed H0rd4k's ghost (amateur DEWz)
  9564 | D:6      | Found a white marble altar of Elyvilon.
  9681 | D:6      | Killed Duvessa
  9698 | D:6      | Killed Dowan
  9909 | D:7      | Reached skill level 8 in Maces & Flails
  9983 | D:7      | Found a glowing silver altar of Zin.
  9983 | D:7      | Found a basalt altar of Yredelemnul.
  9983 | D:7      | Found a burning altar of Makhleb.
 10039 | D:7      | Found a sparkling altar of Nemelex Xobeh.
 10041 | D:7      | Found a glowing golden altar of the Shining One.
 10077 | D:7      | Noticed Joseph
 10096 | D:7      | Killed Joseph
 10164 | D:7      | Learned a level 2 spell: Call Imp
 10670 | D:8      | Reached skill level 1 in Summonings
 10818 | D:8      | Noticed a queen bee
 10869 | D:8      | Reached skill level 9 in Maces & Flails
 10871 | D:8      | Reached **** piety under Wu Jian
 11205 | D:8      | Reached XP level 10. HP: 48/64 MP: 10/10
 12640 | D:9      | Noticed Erolcha
 13305 | D:9      | Found a staircase to the Orcish Mines.
 13310 | D:9      | Found a roughly hewn altar of Beogh.
 13594 | D:9      | Found Oraawn's Antique Armour Boutique.
 13678 | D:9      | Killed Erolcha
 13678 | D:9      | Reached skill level 10 in Maces & Flails
 13933 | D:10     | Entered Level 10 of the Dungeon
 13933 | D:10     | Noticed Grum
 13991 | D:10     | Noticed an eight-headed hydra
 14014 | D:9      | Reached XP level 11. HP: 38/72 MP: 11/11
 14196 | D:9      | Killed an eight-headed hydra
 14572 | D:10     | Found Himamuomn's Distillery.
 14588 | D:10     | Noticed a two-headed ogre
 14599 | D:9      | Killed Grum
 14660 | D:9      | Killed a two-headed ogre
 14660 | D:9      | Reached skill level 10 in Fighting
 14660 | D:9      | Reached skill level 5 in Summonings
 15021 | D:10     | Noticed Erica
 15256 | D:10     | Killed Erica
 15382 | D:10     | Reached ***** piety under Wu Jian
 16474 | D:11     | Noticed a death yak
 16489 | D:11     | Killed a death yak
 16489 | D:11     | Reached skill level 10 in Armour
 16652 | D:11     | Found a staircase to the Lair.
 16751 | D:11     | Noticed a death yak
 16751 | D:11     | Noticed a death yak
 17268 | D:9      | Killed a death yak
 17615 | D:9      | Killed a death yak
 17615 | D:9      | Reached skill level 11 in Maces & Flails
 17866 | D:11     | Reached XP level 12. HP: 57/79 MP: 12/12
 19506 | D:11     | Reached skill level 12 in Maces & Flails
 19976 | D:12     | Noticed a two-headed ogre
 19981 | D:12     | Killed a two-headed ogre
 20519 | Lair:1   | Entered Level 1 of the Lair of Beasts
 21322 | D:10     | Slain by a spiny frog

Skill      XL: |  1  2  3  4  5  6  7  8  9 10 11 12 |
---------------+-------------------------------------+-----
Armour         | 1 2 3 4 6 7 9 10 11 | 11.3
Stealth        | 3 4 5 |  5.0
Fighting       | 4 5 7 8 9 10 11 | 11.9
Maces & Flails | 4 5 7 9 10 11 12 | 12.6
Summonings     | 2 4 6 |  6.0
Dodging        | |  2.4

Action                   |  1- 3 |  4- 6 |  7- 9 | 10-12 || total
-------------------------+-------+-------+-------+-------++-------
Melee: Mace              |   102 |   367 |   456 |       ||   925
       Morningstar       |       |       |   187 |  1065 ||  1252
       Whip              |       |       |    48 |       ||    48
 Cast: Call Imp          |       |       |       |    17 ||    17
Invok: Whirlwind         |       |     7 |   210 |    76 ||   293
       Lunge             |       |     4 |    40 |    66 ||   110
       Serpent's Lash    |       |       |       |     1 ||     1
 Abil: Wall Jump         |       |       |     3 |       ||     3
  Use: Scroll            |       |     9 |     3 |    11 ||    23
       Potion            |       |     2 |     1 |     1 ||     4
 Stab: Sleeping          |     4 |       |     1 |     3 ||     8
       Distracted        |       |       |       |     2 ||     2
  Eat: Chunk             |     1 |    16 |    10 |    16 ||    43
       Ration            |       |       |     2 |     7 ||     9
Armor: Robe              |    30 |    25 |       |       ||    55
       Chain mail        |       |   180 |   453 |   744 ||  1377
       Ring mail         |       |       |   127 |   105 ||   232
Dodge: Dodged            |    76 |   191 |   472 |   622 ||  1361
